[Event "Lueneburger Schachfestival GM 2019"]
[Site "Lueneburg"]
[Date "2019.08.06"]
[Round "5.5"]
[White "Vorobiov, Evgeny E."]
[Black "Koellner, Ruben Gideon"]
[Result "1/2-1/2"]
[ECO "A18"]
[WhiteElo "2578"]
[BlackElo "2315"]
[Annotator "ChessBase"]
[PlyCount "81"]
[EventDate "2019.08.02"]
[EventType "tourn"]
[EventCountry "GER"]
[SourceTitle "playchess.com"]
[Source "ChessBase"]
[SourceQuality "1"]
[TimeControl "40/5400+30:1800+30"]

1. c4 Nf6 2. Nc3 e6 3. e4 d5 4. cxd5 exd5 5. e5 d4 6. exf6 dxc3 7. Bb5+ c6 8. Qe2+ Be6 9. Bc4 Qxf6 10. dxc3 Bc5 11. Nf3 O-O 12. Bxe6 Qxe6 13. Qxe6 fxe6 14. O-O Nd7 15. Re1 Rae8 16. Be3 Rf5 17. Rad1 Rd5 18. c4 Rxd1 19. Rxd1 Re7 20. Bxc5 Nxc5 21. Ne5 g6 22. f4 Kg7 23. Kf2 a5 24. Ke3 Kf8 25. Rd8+ Re8 26. Rxe8+ Kxe8 27. Kd4 Na6 28. Nd3 b6 29. c5 b5 30. Ne5 Nb8 31. b3 Kd8 32. g4 Kc7 33. h3 Kd8 34. Nf7+ Ke7 35. Ng5 h6 36. Nf3 Kf6 37. h4 Nd7 38. a4 b4 39. Ne5 Nxe5 40. fxe5+ Kf7 41. Ke4 1/2-1/2

[Event "Lueneburger Schachfestival GM 2019"]
[Site "Lueneburg"]
[Date "2019.08.07"]
[Round "6.1"]
[White "Reuker, Jari"]
[Black "Koellner, Ruben Gideon"]
[Result "1-0"]
[ECO "D36"]
[WhiteElo "2403"]
[BlackElo "2315"]
[Annotator "NA"]
[PlyCount "87"]
[EventDate "2019.08.02"]
[EventType "tourn"]
[EventCountry "GER"]
[SourceTitle "playchess.com"]
[Source "ChessBase"]
[SourceQuality "1"]
[TimeControl "40/5400+30:1800+30"]

1. c4 e6 2. Nc3 d5 3. d4 Nf6 4. cxd5 exd5 5. Bg5 Be7 6. e3 c6 7. Bd3 Nbd7 8. Qc2 h6 9. Bh4 Nh5 10. Bxe7 Qxe7 11. Nge2 Nb6 12. O-O O-O 13. Rae1 Be6 14. Nc1 Rad8 15. Nb3 Rfe8 16. Nc5 Bc8 17. b4 a6 ({Black should try} 17... Nc4 $11) 18. a4 $14 Qg5 19. b5 axb5 20. axb5 Rd6 21. bxc6 bxc6 22. Rb1 Nd7 23. Nxd7 Bxd7 24. Rb7 g6 25. Kh1 Nf6 26. Ne2 h5 27. Nf4 Nh7 28. Rfb1 Nf8 29. Rb8 Rxb8 30. Rxb8 h4 31. h3 Qh6 32. Qc5 g5 33. Nh5 Re6 34. Rxf8+ Qxf8 35. Bh7+ Kxh7 36. Qxf8 Kg6 37. Qg7+ Kxh5 38. Qh7+ Rh6 39. Qxf7+ Rg6 40. Qh7+ Rh6 41. Qxd7 Rf6 42. Qh7+ Rh6 43. Qf7+ Rg6 44. f4 1-0

[Event "Lueneburger Schachfestival GM 2019"]
[Site "Lueneburg"]
[Date "2019.08.07"]
[Round "6.2"]
[White "Ovsejevitsch, Sergei"]
[Black "Vorobiov, Evgeny E."]
[Result "1/2-1/2"]
[ECO "D27"]
[WhiteElo "2590"]
[BlackElo "2578"]
[Annotator "ChessBase"]
[PlyCount "20"]
[EventDate "2019.08.02"]
[EventType "tourn"]
[EventCountry "GER"]
[SourceTitle "playchess.com"]
[Source "ChessBase"]
[SourceQuality "1"]
[TimeControl "40/5400+30:1800+30"]

1. d4 d5 2. c4 dxc4 3. e3 Nf6 4. Bxc4 e6 5. Nf3 c5 6. O-O a6 7. dxc5 Qxd1 8. Rxd1 Bxc5 9. Be2 Nbd7 10. Nbd2 b6 1/2-1/2

[Event "Lueneburger Schachfestival GM 2019"]
[Site "Lueneburg"]
[Date "2019.08.07"]
[Round "6.3"]
[White "Sriram, Jha"]
[Black "Polster, Christian"]
[Result "1/2-1/2"]
[ECO "E01"]
[WhiteElo "2381"]
[BlackElo "2254"]
[Annotator "NA"]
[PlyCount "122"]
[EventDate "2019.08.02"]
[EventType "tourn"]
[EventCountry "GER"]
[SourceTitle "playchess.com"]
[Source "ChessBase"]
[SourceQuality "1"]
[TimeControl "40/5400+30:1800+30"]

1. d4 d5 2. c4 e6 3. Nf3 c6 4. Nbd2 Nf6 5. g3 Bd6 6. Bg2 Nbd7 7. O-O O-O 8. Qc2 h6 9. Rd1 Qe7 10. b3 $11 b6 11. Bb2 Bb7 12. Ne5 Rac8 13. Nxd7 Nxd7 14. e4 e5 15. exd5 cxd5 16. Qf5 Qe6 17. Bh3 Rce8 18. Qxe6 fxe6 19. cxd5 Bxd5 20. Nc4 Bxc4 21. bxc4 exd4 22. Rxd4 Be5 23. Rxd7 Bxb2 24. Rb1 Ba3 25. Rxa7 Bc5 26. Rb2 Rf7 27. Rxf7 Kxf7 28. Rd2 e5 29. Kf1 e4 30. Bd7 Re7 31. Bc6 e3 32. Bd5+ Kg6 33. fxe3 Rxe3 34. a4 Ra3 35. Bc6 Rc3 36. Bb5 Kf6 37. Kg2 Ke6 38. Kh3 Kf6 39. Kg4 g6 40. Re2 Re3 41. Rf2+ Kg7 42. Rd2 Kf6 43. Rd5 Re5 44. Rd2 Re3 45. Rf2+ Kg7 46. Ra2 h5+ 47. Kh3 g5 48. Rd2 g4+ 49. Kg2 Re1 50. h4 Rg1+ 51. Kh2 Rf1 52. Be8 Kh6 53. Kg2 Rg1+ 54. Kh2 Rf1 55. a5 bxa5 56. Bxh5 a4 57. Bxg4 a3 58. Be6 Ra1 59. Bf5 a2 60. Rd7 Rh1+ 61. Kg2 Ra1 1/2-1/2

[Event "Lueneburger Schachfestival GM 2019"]
[Site "Lueneburg"]
[Date "2019.08.07"]
[Round "6.4"]
[White "Pajeken, Jakob Leon"]
[Black "Korley, Kassa"]
[Result "1-0"]
[ECO "D02"]
[WhiteElo "2314"]
[BlackElo "2437"]
[Annotator "ChessBase"]
[PlyCount "67"]
[EventDate "2019.08.02"]
[EventType "tourn"]
[EventCountry "GER"]
[SourceTitle "playchess.com"]
[Source "ChessBase"]
[SourceQuality "1"]
[TimeControl "40/5400+30:1800+30"]

1. d4 Nf6 2. Nf3 e6 3. Bf4 d5 4. e3 Bd6 5. c3 O-O 6. Nbd2 c5 7. Bd3 Nc6 8. Bg3 h6 9. Qe2 Re8 10. Ne5 Qc7 11. Nxc6 Bxg3 12. hxg3 bxc6 13. dxc5 e5 14. e4 Qa5 15. b4 Qa3 16. O-O Qxc3 17. a3 Bg4 18. f3 Be6 19. Rfc1 Qb2 20. exd5 Qd4+ 21. Kh2 Bxd5 22. Rd1 Kf8 23. Ne4 Bb3 24. Ba6 Bxd1 25. Rxd1 Nxe4 26. Rxd4 Nc3 27. Qd3 exd4 28. Qxd4 Nd5 29. Bb7 Rad8 30. Bxc6 Nf6 31. Qc3 Re2 32. Bb5 Rf2 33. c6 Rdd2 34. c7 1-0

[Event "Lueneburger Schachfestival GM 2019"]
[Site "Lueneburg"]
[Date "2019.08.07"]
[Round "6.5"]
[White "Parvanyan, Ashot"]
[Black "Wachinger, Nikolas"]
[Result "1-0"]
[ECO "B90"]
[WhiteElo "2423"]
[BlackElo "2318"]
[Annotator "NA"]
[PlyCount "51"]
[EventDate "2019.08.02"]
[EventType "tourn"]
[EventCountry "GER"]
[SourceTitle "playchess.com"]
[Source "ChessBase"]
[SourceQuality "1"]
[TimeControl "40/5400+30:1800+30"]

1. e4 c5 2. Nf3 d6 3. d4 Nf6 4. Nc3 cxd4 5. Nxd4 a6 6. Bd3 Nc6 7. Nxc6 bxc6 8. O-O g6 9. Kh1 Bg7 10. f4 O-O 11. f5 Rb8 12. Qe1 Nd7 13. Qh4 $11 Ne5 14. Be2 Re8 15. b3 d5 16. Bb2 gxf5 17. exf5 Bf6 18. Qf4 Qd6 19. a3 Nd7 20. Qg4+ Kh8 21. Rad1 Qc5 22. b4 Ne5 23. Qf4 Qd6 24. Ne4 Qc7 25. Ng5 Rf8 26. Nf3 1-0

[Event "Lueneburger Schachfestival GM 2019"]
[Site "Lueneburg"]
[Date "2019.08.08"]
[Round "7.1"]
[White "Wachinger, Nikolas"]
[Black "Reuker, Jari"]
[Result "1-0"]
[ECO "D31"]
[WhiteElo "2318"]
[BlackElo "2403"]
[Annotator "NA"]
[PlyCount "57"]
[EventDate "2019.08.02"]
[EventType "tourn"]
[EventCountry "GER"]
[SourceTitle "playchess.com"]
[Source "ChessBase"]
[SourceQuality "1"]
[TimeControl "40/5400+30:1800+30"]

1. d4 d5 2. c4 e6 3. Nc3 c6 4. e4 dxe4 5. Nxe4 Bb4+ 6. Bd2 Qxd4 7. Bxb4 Qxe4+ 8. Ne2 Na6 9. Bf8 Ne7 10. Bxg7 Nb4 11. Bxh8 e5 12. Qd6 Nc2+ 13. Kd2 Bf5 14. Ng3 Qf4+ 15. Kc3 Nxa1 16. Qd2 Qh4 17. Be2 Nd5+ 18. cxd5 cxd5 19. Bb5+ Kf8 20. Rxa1 Rc8+ 21. Kb3 Bc2+ 22. Ka3 Qe7+ 23. Qb4 Rc5 24. Bf6 Qd6 25. Bxe5 Qe7 26. Bf6 Qd6 27. Re1 Be4 28. Nxe4 dxe4 29. Rxe4 1-0

[Event "Lueneburger Schachfestival GM 2019"]
[Site "Lueneburg"]
[Date "2019.08.08"]
[Round "7.2"]
[White "Korley, Kassa"]
[Black "Parvanyan, Ashot"]
[Result "0-1"]
[ECO "A49"]
[WhiteElo "2437"]
[BlackElo "2423"]
[Annotator "NA"]
[PlyCount "114"]
[EventDate "2019.08.02"]
[EventType "tourn"]
[EventCountry "GER"]
[SourceTitle "playchess.com"]
[Source "ChessBase"]
[SourceQuality "1"]
[TimeControl "40/5400+30:1800+30"]

1. d4 Nf6 2. Nf3 g6 3. g3 Bg7 4. Bg2 O-O 5. O-O d6 6. Re1 Nc6 7. d5 Nb8 8. c4 e5 9. Nc3 a5 10. e4 Na6 11. Be3 b6 12. Qc2 Nc5 13. h3 Bd7 14. a3 a4 15. Bxc5 bxc5 16. Reb1 Qc8 17. Kh2 Qa6 18. Bf1 Bh6 19. b4 axb3 20. Rxb3 Nh5 21. Nh4 Qc8 22. Rab1 Qd8 23. Be2 Ng7 24. a4 f5 25. Bd3 f4 26. Bf1 Nh5 27. Ng2 fxg3+ 28. fxg3 Nxg3 29. Kxg3 Qg5+ 30. Kh2 Rf3 31. Ne2 Bxa4 32. Rb8+ Kg7 33. Qb2 Rxb8 34. Qxb8 Bd7 35. Qxc7 Rxh3+ 36. Kg1 Qg4 37. Kf2 Bd2 38. Ng1 Be3+ 39. Nxe3 Qg3+ 40. Ke2 Qxe3+ 41. Kd1 Qd4+ 42. Ke1 Qxe4+ 43. Kd2 Rh2+ 44. Be2 Qxb1 45. Qxd7+ Kh6 46. Qxd6 Qb2+ 47. Kd1 Qd4+ 48. Kc2 Qxc4+ 49. Kd1 Qd4+ 50. Kc2 Rf2 51. Qe7 c4 52. d6 Qd3+ 53. Kc1 Qa3+ 54. Kd2 Qb4+ 55. Kc2 c3 56. Qxe5 Qb2+ 57. Kd3 Qd2+ 0-1

[Event "Lueneburger Schachfestival GM 2019"]
[Site "Lueneburg"]
[Date "2019.08.08"]
[Round "7.3"]
[White "Polster, Christian"]
[Black "Pajeken, Jakob Leon"]
[Result "1/2-1/2"]
[ECO "D27"]
[WhiteElo "2254"]
[BlackElo "2314"]
[Annotator "NA"]
[PlyCount "52"]
[EventDate "2019.08.02"]
[EventType "tourn"]
[EventCountry "GER"]
[SourceTitle "playchess.com"]
[Source "ChessBase"]
[SourceQuality "1"]
[TimeControl "40/5400+30:1800+30"]

1. d4 d5 2. c4 dxc4 3. e3 Nf6 4. Bxc4 e6 5. Nf3 a6 6. a4 c5 7. O-O Nc6 8. Nc3 Be7 9. Qe2 Qc7 10. Rd1 O-O 11. e4 Ng4 12. e5 cxd4 13. Nxd4 Ngxe5 14. Bf4 Qa5 15. Nxc6 Nxc6 16. Ne4 Qf5 17. Bd6 Bxd6 18. Nxd6 Qf6 19. Rac1 e5 20. Bd5 Nd4 21. Rxd4 exd4 22. Nxf7 d3 23. Qe5 h6 24. Qxf6 gxf6 25. Ne5+ Kh8 26. Ng6+ Kg7 1/2-1/2

[Event "Lueneburger Schachfestival GM 2019"]
[Site "Lueneburg"]
[Date "2019.08.08"]
[Round "7.4"]
[White "Vorobiov, Evgeny E."]
[Black "Sriram, Jha"]
[Result "1-0"]
[ECO "D12"]
[WhiteElo "2578"]
[BlackElo "2381"]
[Annotator "ChessBase"]
[PlyCount "63"]
[EventDate "2019.08.02"]
[EventType "tourn"]
[EventCountry "GER"]
[SourceTitle "playchess.com"]
[Source "ChessBase"]
[SourceQuality "1"]
[TimeControl "40/5400+30:1800+30"]

1. d4 d5 2. c4 c6 3. Nf3 Nf6 4. e3 Bf5 5. Nc3 e6 6. Nh4 Be4 7. f3 Bg6 8. Qb3 Qc7 9. Bd2 Be7 10. cxd5 cxd5 11. Nxg6 hxg6 12. O-O-O Nc6 13. Kb1 O-O 14. Rc1 a6 15. Qd1 b5 16. g4 Qd7 17. h4 e5 18. Bd3 Rab8 19. g5 Nh5 20. Nxd5 Qxd5 21. Be4 Qd8 22. Rxc6 exd4 23. exd4 Qxd4 24. Ba5 Qe3 25. Rc3 Qf2 26. Rc2 Qe3 27. Re1 Qf4 28. Bc7 Qxh4 29. Bxb8 Rd8 30. Rd2 Rxb8 31. Bxg6 Bxg5 32. Rd8+ 1-0

[Event "Lueneburger Schachfestival GM 2019"]
[Site "Lueneburg"]
[Date "2019.08.08"]
[Round "7.5"]
[White "Koellner, Ruben Gideon"]
[Black "Ovsejevitsch, Sergei"]
[Result "0-1"]
[ECO "D04"]
[WhiteElo "2315"]
[BlackElo "2590"]
[Annotator "ChessBase"]
[PlyCount "86"]
[EventDate "2019.08.02"]
[EventType "tourn"]
[EventCountry "GER"]
[SourceTitle "playchess.com"]
[Source "ChessBase"]
[SourceQuality "1"]
[TimeControl "40/5400+30:1800+30"]

1. d4 Nf6 2. Nf3 d5 3. e3 c5 4. b3 cxd4 5. exd4 Nc6 6. Bd3 Bg4 7. Bb2 e6 8. a3 Bd6 9. O-O O-O 10. Nbd2 Qc7 11. Qe1 Rfe8 12. Ne5 Bf5 13. f4 Qb6 14. Qf2 Nxe5 15. fxe5 Ng4 16. Qe2 Bxe5 17. Nf3 Bd6 18. Bxf5 exf5 19. Qd3 g6 20. Rae1 Re4 21. h3 Nf6 22. Nd2 Rxe1 23. Rxe1 Ne4 24. Nf3 Rc8 25. Re2 Qc7 26. Qb5 Qc6 27. Qa5 a6 28. Ne5 Qb5 29. Qe1 Qb6 30. Nf3 Qc7 31. a4 b5 32. axb5 axb5 33. g4 fxg4 34. hxg4 Bg3 35. Qf1 Qf4 36. Rg2 Qe3+ 37. Kh1 Nf2+ 38. Kg1 Nxg4+ 39. Kh1 Nf2+ 40. Kg1 Qxf3 41. Bc1 Nh3+ 42. Kh1 Qxf1+ 43. Rg1 Qxg1# 0-1

[Event "Lueneburger Schachfestival GM 2019"]
[Site "Lueneburg"]
[Date "2019.08.09"]
[Round "8.4"]
[White "Parvanyan, Ashot"]
[Black "Polster, Christian"]
[Result "1/2-1/2"]
[ECO "D23"]
[WhiteElo "2423"]
[BlackElo "2254"]
[Annotator "NA"]
[PlyCount "98"]
[EventDate "2019.08.02"]
[EventType "tourn"]
[EventCountry "GER"]
[SourceTitle "playchess.com"]
[Source "ChessBase"]
[SourceQuality "1"]
[TimeControl "40/5400+30:1800+30"]

1. Nf3 d5 2. d4 c6 3. c4 Nf6 4. Qb3 dxc4 5. Qxc4 Nbd7 6. g3 e5 7. dxe5 Nxe5 8. Nxe5 Qa5+ 9. Nc3 Qxe5 10. Bg2 Qc5 11. Qb3 Qb4 12. Qc2 Be6 13. O-O Be7 14. Bd2 Qc4 15. b3 Qc5 16. e4 Qh5 17. f3 Bh3 18. Bxh3 Qxh3 19. Ne2 O-O 20. Nf4 Qd7 21. Rad1 Qc7 22. Kg2 Bd6 23. Nd3 Rfe8 24. Bc3 Nd7 25. Rfe1 Ne5 26. Nf2 f6 27. f4 Nf7 28. Ng4 Qc8 29. Ne3 Qe6 30. Nf5 Bf8 31. Nd4 Qe7 32. h4 c5 33. Nf5 Qe6 34. Kf3 Nd6 35. Nxd6 Bxd6 36. f5 Qe7 37. Rd5 Rad8 38. Red1 Bc7 39. Bb2 b6 40. g4 Rd6 41. Qc4 Kf8 42. Rxd6 Bxd6 43. Rd5 Bb8 44. Qd3 Qc7 $14 45. e5 fxe5 46. Qe4 Qe7 47. Kg3 Rd8 48. Rxd8+ Qxd8 49. g5 Qd1 1/2-1/2

[Event "Lueneburger Schachfestival GM 2019"]
[Site "Lueneburg"]
[Date "2019.08.10"]
[Round "9.1"]
[White "Korley, Kassa"]
[Black "Reuker, Jari"]
[Result "1/2-1/2"]
[ECO "E32"]
[WhiteElo "2437"]
[BlackElo "2403"]
[Annotator "NA"]
[PlyCount "45"]
[EventDate "2019.08.02"]
[EventType "tourn"]
[EventCountry "GER"]
[SourceTitle "playchess.com"]
[Source "ChessBase"]
[SourceQuality "1"]
[TimeControl "40/5400+30:1800+30"]

1. d4 Nf6 2. c4 e6 3. Nc3 Bb4 4. Qc2 O-O 5. a3 Bxc3+ 6. Qxc3 Qe8 7. Nf3 a5 8. b3 d6 9. Bb2 Nbd7 10. e3 b6 11. Be2 Bb7 12. O-O Ne4 13. Qc2 f5 14. b4 c5 15. bxc5 bxc5 16. Rab1 Bc6 17. Nd2 Qg6 18. f3 Qh6 19. Qd3 cxd4 20. fxe4 Nc5 21. Qxd4 e5 22. Qc3 Na4 23. Qd3 1/2-1/2

[Event "Lueneburger Schachfestival GM 2019"]
[Site "Lueneburg"]
[Date "2019.08.10"]
[Round "9.2"]
[White "Polster, Christian"]
[Black "Wachinger, Nikolas"]
[Result "1-0"]
[ECO "A06"]
[WhiteElo "2254"]
[BlackElo "2318"]
[Annotator "NA"]
[PlyCount "63"]
[EventDate "2019.08.02"]
[EventType "tourn"]
[EventCountry "GER"]
[SourceTitle "playchess.com"]
[Source "ChessBase"]
[SourceQuality "1"]
[TimeControl "40/5400+30:1800+30"]

1. b3 c5 2. Bb2 d5 3. e3 a6 4. Nf3 Nc6 5. d4 Bg4 6. Be2 cxd4 7. Nxd4 Bxe2 8. Qxe2 Rc8 9. O-O Nf6 10. Nxc6 Rxc6 11. Na3 e6 12. c4 Bxa3 13. Bxa3 Qa5 14. Qb2 dxc4 15. bxc4 Rb6 16. Qd4 e5 17. Qd3 Nd7 18. Rfd1 Qa4 19. c5 Rg6 20. c6 Qxc6 21. e4 Qb5 22. Rac1 Kd8 23. Qd2 f5 24. Rc5 Qa4 25. Rd5 Qxe4 26. Rxd7+ Kc8 27. f3 Qxf3 28. Rd8+ Kc7 29. Qd7+ Kb6 30. Rb1+ Ka5 31. Qd2+ Ka4 32. Qb4# 1-0

[Event "Lueneburger Schachfestival GM 2019"]
[Site "Lueneburg"]
[Date "2019.08.10"]
[Round "9.3"]
[White "Vorobiov, Evgeny E."]
[Black "Parvanyan, Ashot"]
[Result "1/2-1/2"]
[ECO "E20"]
[WhiteElo "2578"]
[BlackElo "2423"]
[Annotator "ChessBase"]
[PlyCount "34"]
[EventDate "2019.08.02"]
[EventType "tourn"]
[EventCountry "GER"]
[SourceTitle "playchess.com"]
[Source "ChessBase"]
[SourceQuality "1"]
[TimeControl "40/5400+30:1800+30"]

1. d4 Nf6 2. c4 c5 3. Nf3 cxd4 4. Nxd4 e6 5. Nc3 Bb4 6. g3 O-O 7. Bg2 d5 8. cxd5 Nxd5 9. Qb3 Nc6 10. Nxc6 bxc6 11. O-O Qa5 12. Bd2 Bxc3 13. Bxc3 Nxc3 14. Qxc3 Qxc3 15. bxc3 Ba6 16. Bxc6 Rac8 17. Bf3 Rxc3 1/2-1/2

[Event "Lueneburger Schachfestival GM 2019"]
[Site "Lueneburg"]
[Date "2019.08.10"]
[Round "9.5"]
[White "Ovsejevitsch, Sergei"]
[Black "Sriram, Jha"]
[Result "1/2-1/2"]
[ECO "D10"]
[WhiteElo "2590"]
[BlackElo "2381"]
[Annotator "ChessBase"]
[PlyCount "21"]
[EventDate "2019.08.02"]
[EventType "tourn"]
[EventCountry "GER"]
[SourceTitle "playchess.com"]
[Source "ChessBase"]
[SourceQuality "1"]
[TimeControl "40/5400+30:1800+30"]

1. d4 d5 2. c4 c6 3. cxd5 cxd5 4. Bf4 Nc6 5. Nc3 Nf6 6. e3 Bf5 7. Bd3 Bxd3 8. Qxd3 e6 9. h3 Bd6 10. Nge2 O-O 11. O-O 1/2-1/2